 Dungeon Crawl Stone Soup version 0.17.0-28-g6e173f8 (console) character file.

155 Kloppie the Covered (level 5, 0/45 HPs)
             Began as a Minotaur Fighter on Nov 29, 2015.
             Succumbed to a crimson imp's poison
             ... on level 4 of the Dungeon.
             The game lasted 00:03:01 (2019 turns).

Kloppie the Covered (Minotaur Fighter)              Turns: 2019, Time: 00:03:01

Health: 0/45       AC:  7    Str: 25    XL:     5   Next: 14%
Magic:  4/4        EV:  7    Int:  5    God:
Gold:   128        SH: 10    Dex: 11    Spells: 0 memorised, 4 levels left

rFire  . . .     SeeInvis .     a - +0 war axe
rCold  . . .     Clarity  .     b - +0 scale mail
rNeg   . . .     SustAt   .     c - +0 shield
rPois  .         Gourm    .     (helmet restricted)
rElec  .         Spirit   .     (no cloak)
rCorr  .         Warding  .     (no gloves)
rMut   .         Stasis   .     (no boots)
MR     .....                    (no amulet)
Stlth  ..........               (no ring)
                                (no ring)

@: mighty, lethally poisoned (0 -> -7), very slightly contaminated, not
resistant to hostile enchantments, extremely unstealthy
A: retaliatory headbutt, horns 2
a: no special abilities


You were on level 4 of the Dungeon.
You were not hungry.

You visited 1 branch of the dungeon, and saw 4 of its levels.

You collected 128 gold pieces.

Inventory:

Hand Weapons
 a - a +0 war axe (weapon)
Armour
 b - a +0 scale mail (worn)
 c - a +0 shield (worn)
Jewellery
 p - an uncursed amulet of guardian spirit {unknown}
Scrolls
 g - 3 scrolls of fog {unknown}
 i - a scroll of recharging {unknown}
 k - a scroll of enchant weapon {unknown}
 o - 2 scrolls of enchant armour {unknown}
 q - 3 scrolls of identify {unknown}
 s - a scroll of random uselessness {unknown}
 t - a scroll of teleportation {unknown}
 u - a scroll of remove curse {unknown}
 w - a scroll of immolation {unknown}
 y - a scroll of fear {unknown}
Potions
 h - a potion of beneficial mutation {unknown}
 j - a potion of flight {unknown}
 l - a potion of magic {unknown}
 m - a potion of cancellation {unknown}
 n - a potion of curing {unknown}
 r - a potion of resistance {unknown}
 z - a potion of brilliance {unknown}
 B - a potion of lignification {unknown}
Comestibles
 e - 4 bread rations
 f - 4 fruits
 v - a meat ration
 x - a slice of pizza
 A - 2 chunks of flesh


   Skills:
 - Level 3.6 Fighting
 + Level 5.0 Axes
 + Level 5.4 Armour
 - Level 3.6 Shields


You had 4 spell levels left.
You didn't know any spells.

Dungeon Overview and Level Annotations

Branches:
Dungeon (4/15)
 Temple: D:4-7

Altars:
Cheibriados
Dithmenos
Gozag
Nemelex Xobeh
Okawaru
Xom
Yredelemnul

Shops:
D:3 *


Innate Abilities, Weirdness & Mutations

You reflexively headbutt those who attack you in melee.
You have a pair of horns on your head.


Message History

* * * LOW HITPOINT WARNING * * *
You are lethally poisoned!
Drink which item? (? for menu, Esc to quit)
You feel very mighty all of a sudden.
* * * LOW HITPOINT WARNING * * *
You feel sick.
The crimson imp grins evilly.
The crimson imp blinks!
You flicker back into view.
* * * LOW HITPOINT WARNING * * *
You feel sick. The crimson imp puffs mist at you.
The crimson imp blinks!
You block the crimson imp's attack.
* * * LOW HITPOINT WARNING * * *
You feel sick. You block the crimson imp's attack.
You closely miss the crimson imp. You slash the crimson imp!
You kill the crimson imp!
Your Axes skill increases to level 5!
You have reached level 5!
You die...

#.# ## ... ... #..
### #.# ## #.# #.
###########.## ##.
#.@....5.....##.##.
#.5#####...)....##.
####5####.###..#####.
#.......### ##.# #.
###._.### #.# #.
......### ##.# #.
###'####.###..# #.
#.###.#...### #.
#.....##.## #.


You could see 3 crimson imps.

Vanquished Creatures
  A crimson imp (D:4)
  An iguana (D:4)
  An adder (D:2)
  4 gnolls
  A worm (D:2)
  A giant gecko (D:3)
  2 orcs
  7 goblins
  7 hobgoblins
  4 kobolds (D:2)
  7 bats
  2 giant cockroaches (D:2)
  3 giant newts
  6 rats
  A spectral orc (D:3)
48 creatures vanquished.

Notes
Turn   | Place    | Note
--------------------------------------------------------------
     0 | D:1      | Kloppie the Minotaur Fighter began the quest for the Orb.
     0 | D:1      | Reached XP level 1. HP: 19/19 MP: 0/0
   272 | D:1      | You fall through a shaft!
   343 | D:1      | Reached skill level 4 in Armour
   343 | D:1      | Reached XP level 2. HP: 26/26 MP: 1/1
   460 | D:2      | Found an iron altar of Okawaru.
   460 | D:2      | Found a shadowy altar of Dithmenos.
   460 | D:2      | Found a sparkling altar of Nemelex Xobeh.
   614 | D:2      | Reached XP level 3. HP: 25/31 MP: 2/2
  1024 | D:2      | Reached XP level 4. HP: 31/39 MP: 3/3
  1221 | D:3      | Found an opulent altar of Gozag.
  1242 | D:3      | Found Gozag's Platinum Reserve.
  1311 | D:3      | Found a snail-covered altar of Cheibriados.
  1763 | D:3      | Found a basalt altar of Yredelemnul.
  1884 | D:4      | Reached skill level 5 in Armour
  1990 | D:4      | Found a shimmering altar of Xom.
  2018 | D:4      | HP: 1/39 [poisoned by a crimson imp]
  2019 | D:4      | Reached skill level 5 in Axes
  2019 | D:4      | Reached XP level 5. HP: 1/45 MP: 4/4
  2019 | D:4      | Succumbed to a crimson imp's poison

Action                   |  1- 3 |  4- 6 || total
-------------------------+-------+-------++-------
Melee: War axe           |    78 |    48 ||   126
  Use: Potion            |       |     1 ||     1
 Stab: Invisible         |       |     2 ||     2
  Eat: Chunk             |       |     4 ||     4
